Map: Minute Micro Challenges

Players

pHARM

  • Race: Zerg Zerg
  • League: Platinum

Player 2

  • Race: Protoss Protoss
  • Spawn Location: 1:00

VOD

Have the link to the VOD?

Description

Time

  • Played on: Sept. 16, 2019, 10:51 p.m.
  • Length: 7:53
Show
View Real Time Build Order
Export as new Build Order

pHARM Zerg 

Build Orders: Zergling Baneling 

Get SALT Encoding   

    0:00  Protoss Ground Armor Level 1, Zerg Ground Armor Level 1, Zerg Melee Weapons Level 1, Protoss Ground Weapons Level 1, Protoss Shields Level 2 x2, Zerg Melee Weapons Level 3, Zerg Melee Weapons Level 2, Zerg Ground Armor Level 3, Protoss Ground Armor Level 2 x2, Protoss Shields Level 1, Zerg Ground Armor Level 2, Metabolic Boost, Protoss Ground Weapons Level 2 x2, Adrenal Glands, Protoss Shields Level 3 x2, Protoss Ground Weapons Level 3 x2, Probe x4, Protoss Ground Armor Level 3 x2  
    0:03  Unknown x3, Probe  
    0:06  Unknown x3, Probe  
  1  0:08  Probe  
  1  0:09  Unknown x3  
  1  0:11  Protoss Shields Level 1, Protoss Ground Armor Level 1, Probe, Protoss Ground Weapons Level 1  
  1  0:12  Unknown x3  
  1  0:14  Probe  
  1  0:15  Unknown x3  
  1  0:17  Probe  
  1  0:18  Unknown x3  
  1  0:20  Unknown x3, Probe  
  1  0:23  Unknown x3, Probe  
  1  0:25  Probe  
  1  0:26  Unknown x3  
  1  0:29  Unknown x3  
  1  0:31  Probe  
  1  0:32  Unknown x3  
  1  0:34  Probe  
  1  0:35  Unknown x3  
  1  0:36  Zergling x40  
  1  0:37  Unknown x3  
  1  0:40  Charge  
  1  0:43  Unknown x3  
  1  0:45  Zergling x40  
  1  0:46  Unknown x3  
  15  1:01  Zerg Melee Weapons Level 3, Zerg Ground Armor Level 3  
  20  1:05  Zergling x40  
  2  1:22  Zerg Melee Weapons Level 2, Zergling x40, Zerg Ground Armor Level 2  
  7  1:38  Zergling x40  
  20  1:44  Zerg Ground Armor Level 1, Zerg Melee Weapons Level 1  
    1:55  Zergling x40  
    1:56  Protoss Shields Level 3, Protoss Ground Weapons Level 3, Protoss Ground Armor Level 3  
  12  2:08  Probe, Zealot  
  20  2:19  Centrifical Hooks  
  20  2:21  Protoss Ground Armor Level 2, Protoss Shields Level 2, Protoss Ground Weapons Level 2  
  1  2:27  Grooved Spines, Muscular Augments  
  1  2:34  Zealot, Probe  
  2  2:46  Protoss Shields Level 1, Protoss Ground Armor Level 1, Protoss Ground Weapons Level 1  
  1  2:57  Zealot  
  1  3:00  Terran Infantry Weapons Level 3, Terran Infantry Armor Level 3, Probe  
  1  3:14  Hydralisk x12  
  1  3:21  Terran Infantry Armor Level 2, Terran Infantry Weapons Level 2, Probe  
  1  3:24  Baneling x15  
  1  3:35  Hydralisk x12  
  30  3:43  Terran Infantry Armor Level 1, Terran Infantry Weapons Level 1  
  30  3:45  Baneling x15  
  16  3:53  Hydralisk x12  
  4  3:57  Stimpack  
  26  4:03  Baneling x15  
  26  4:07  Protoss Shields Level 3, Protoss Ground Weapons Level 3, Protoss Ground Armor Level 3  
  26  4:09  Hydralisk x12  
  12  4:16  Immortal  
    4:18  Combat Shield  
    4:19  Baneling x15  
  20  4:28  Hydralisk x12  
  10  4:31  Immortal  
  10  4:32  Protoss Ground Armor Level 2, Protoss Shields Level 2, Protoss Ground Weapons Level 2  
  10  4:33  Protoss Shields Level 3, Protoss Ground Weapons Level 3, Protoss Ground Armor Level 3  
  10  4:38  Baneling x15  
  14  4:47  Immortal  
  31  4:57  Protoss Shields Level 1, Protoss Ground Armor Level 1, Protoss Ground Weapons Level 1  
  31  4:58  Protoss Ground Armor Level 2, Protoss Shields Level 2, Protoss Ground Weapons Level 2  
  4  5:05  Blink  
  4  5:07  Medivac x2  
  4  5:13  Medivac x2  
  4  5:18  Medivac x4  
  4  5:19  Marine x16  
  4  5:23  Protoss Shields Level 1, Protoss Ground Armor Level 1, Protoss Ground Weapons Level 1  
  4  5:24  Medivac x2  
  4  5:25  Medivac x2, Marine x16  
  4  5:30  Marine x32  
  4  5:32  Medivac x2  
    5:36  Marine x16  
    5:37  Marine x16  
    5:38  Medivac x2  
  4  5:44  Marine x16  
  4  5:45  Medivac x2  
  20  5:50  Marine x16  
  20  5:52  Medivac x2, Charge  
  20  5:57  Marine x16  
  20  5:58  Medivac x2  
  20  5:59  Medivac x2  
  20  6:01  Medivac x2  
  20  6:03  Medivac x2  
  20  6:04  Medivac x2, Marine x16  
  20  6:05  Medivac x2  
  20  6:10  Marine x16  
  20  6:11  Marine x16  
  20  6:13  Medivac x2, Marine x16  
  20  6:15  Marine x16  
  20  6:16  Marine x16  
  20  6:17  Marine x16  
  15  6:19  Medivac x2  
  15  6:25  Medivac x2, Marine x16  
  20  6:30  Medivac x2  
  20  6:31  Medivac x2, Marine x16  
  20  6:36  Stalker x4  
  20  6:37  Marine x16  
  13  6:42  Marine x16  
  13  6:43  Marine x16  
  20  7:05  Zealot  
  8  7:18  Zealot  
  8  7:20  Probe x10  
    7:33  Probe x10  
Show
View Real Time Build Order
Export as new Build Order

Player 2 Protoss 

Build Orders: Archon Immortal 

Get SALT Encoding   

    0:00  Terran Vehicle Weapons Level 2, Terran Vehicle Weapons Level 1, Zerg Melee Weapons Level 2, Stimpack, Zergling x50, Zerg Melee Weapons Level 1, Zerg Ground Armor Level 3, Zerg Ground Armor Level 1, Zerg Melee Weapons Level 3, Terran Infantry Weapons Level 3, Zerg Ground Armor Level 2, Metabolic Boost, Terran Vehicle And Ship Armor Level 2, Adrenal Glands, Combat Shield, Terran Vehicle And Ship Armor Level 3, Terran Infantry Armor Level 3, Terran Vehicle Weapons Level 3, Terran Vehicle And Ship Armor Level 1  
    0:01  Zergling x10  
    0:03  Zergling x10  
    0:04  Terran Infantry Armor Level 2, Terran Infantry Weapons Level 2  
    0:06  Zergling x10  
  5  0:09  Zergling x10  
  5  0:12  Zergling x10  
  5  0:15  Zergling x10  
  5  0:18  Zergling x10  
  5  0:20  Zergling x10  
  5  0:26  Terran Infantry Armor Level 1, Zergling x10, Terran Infantry Weapons Level 1  
  5  0:29  Zergling x10  
  5  0:32  Hellion x9  
  5  0:39  Protoss Shields Level 3, Protoss Ground Weapons Level 3, Protoss Ground Armor Level 3  
  5  0:40  Stimpack  
  5  0:41  Hellion x9  
  18  1:01  Combat Shield, Hellion x9  
  18  1:04  Protoss Ground Armor Level 2, Protoss Shields Level 2, Protoss Ground Weapons Level 2  
  10  1:18  Hellion x9  
  18  1:29  Protoss Shields Level 1, Protoss Ground Armor Level 1, Protoss Ground Weapons Level 1  
  12  1:34  Hellion x9  
  14  1:51  Hellion x9  
  10  1:56  Protoss Shields Level 3, Protoss Ground Weapons Level 3, Protoss Ground Armor Level 3  
  10  1:58  Charge  
  18  2:08  SCV  
  18  2:17  Marine x2  
  18  2:20  Unknown, Engineering Bay  
  18  2:21  Protoss Ground Armor Level 2, Protoss Shields Level 2, Protoss Ground Weapons Level 2  
  1  2:23  SCV  
  1  2:34  SCV  
  1  2:35  Unknown, Engineering Bay  
  3  2:43  Marine x2  
  3  2:46  Protoss Shields Level 1, Protoss Ground Armor Level 1, Unknown, Engineering Bay, Protoss Ground Weapons Level 1  
  3  2:49  SCV  
  1  2:59  Immortal x4  
  1  3:00  Zerg Melee Weapons Level 3, Zerg Ground Armor Level 3, SCV  
  1  3:01  Unknown, Engineering Bay  
  3  3:06  Marine x2  
  3  3:11  Zealot x11  
  3  3:12  Unknown, SCV, Engineering Bay  
  1  3:15  Charge  
  1  3:20  Immortal x4  
  1  3:21  Zerg Melee Weapons Level 2, Zerg Ground Armor Level 2, SCV  
  1  3:24  Unknown, Engineering Bay  
  3  3:29  Archon x2  
  3  3:32  Zealot x11  
  3  3:33  Unknown, Engineering Bay  
  1  3:38  Immortal x4  
  46  3:43  Zerg Ground Armor Level 1, Zerg Melee Weapons Level 1  
  16  3:50  Zealot x11, Archon x2  
  16  3:54  Immortal x4  
  28  4:06  Zealot x11  
  28  4:07  Protoss Shields Level 3, Protoss Ground Weapons Level 3, Protoss Ground Armor Level 3  
  28  4:08  Archon x2  
  16  4:13  Immortal x4  
  16  4:18  Metabolic Boost, Centrifical Hooks  
  24  4:24  Archon x2  
  24  4:25  Zealot x11, Stalker x2  
  24  4:28  Zealot  
  16  4:32  Protoss Ground Armor Level 2, Protoss Shields Level 2, Protoss Ground Weapons Level 2  
  24  4:40  Stalker x2  
  24  4:43  Zealot, Archon x2  
  46  4:55  Zerg Melee Weapons Level 3, Zerg Ground Armor Level 3  
  46  4:56  Stalker x2  
  46  4:57  Protoss Shields Level 1, Protoss Ground Armor Level 1, Protoss Ground Weapons Level 1  
  46  4:59  Zealot  
  6  5:16  Zerg Melee Weapons Level 2, Zerg Ground Armor Level 2  
  6  5:20  Zergling x19  
  2  5:23  Baneling x5  
  2  5:26  Zergling x19  
  6  5:29  Baneling x5  
  6  5:31  Zergling x38  
  6  5:34  Baneling x10  
    5:37  Zergling x19  
    5:38  Zerg Ground Armor Level 1, Zergling x19, Zerg Melee Weapons Level 1  
    5:40  Baneling x5  
    5:41  Baneling x5  
  7  5:45  Zergling x19  
  7  5:48  Baneling x5  
  12  5:51  Zergling x19  
  12  5:54  Baneling x5  
  12  5:58  Zergling x19  
  12  5:59  Adrenal Glands  
  12  6:01  Baneling x5  
  10  6:05  Zergling x19  
  10  6:08  Baneling x5  
  10  6:11  Zergling x19  
  10  6:12  Zergling x19  
  10  6:13  Metabolic Boost  
  10  6:14  Baneling x5, Zergling x19  
  10  6:15  Baneling x5  
  10  6:16  Zergling x19  
  10  6:17  Baneling x5, Zergling x19  
  10  6:18  Zergling x19  
  8  6:19  Baneling x5  
  8  6:20  Baneling x5  
  8  6:21  Baneling x5  
  10  6:26  Zergling x19  
  10  6:29  Baneling x5  
  10  6:32  Zergling x19  
  12  6:35  Baneling x5  
  12  6:36  Stalker x6  
  12  6:38  Zergling x19  
  8  6:41  Baneling x5  
  8  6:43  Zergling x19  
  8  6:44  Zergling x19  
  8  6:46  Baneling x5  
  8  6:47  Baneling x5  
  12  7:15  Zergling x10  
    7:28  Zergling x10  
Tags
 
Add a new tag
Caveats
  • Supply blocks, unpowered buildings, or Contaminate may cause inaccurate times.
  • Supply counts are checked every 10 seconds.